 Dungeon Sprint DCSS version 0.18.1-50-g88ac8fd (webtiles) character file.

12000000 saintsgambit the Conqueror (level 27, -5/273 HPs)
             Began as a Minotaur Fighter on Sept 24, 2016.
             Was the Champion of Makhleb.
             Killed by divine providence
             ... invoked by an accursed
              (12 damage)
             ... in the Dungeon (Sprint VIII: "Arena of Blood").
             The game lasted 00:10:44 (120 turns).

saintsgambit the Conqueror (Minotaur Fighter)        Turns: 120, Time: 00:10:45

Health: -5/273     AC: 13    Str: 30    XL:     27
Magic:  43/53      EV: 27    Int:  5    God:    Makhleb [******]
Gold:   0          SH:  0    Dex: 14    Spells: 0 memorised, 80 levels left

rFire  . . .     SeeInvis +     l - +∞ Axe of Woe
rCold  . . .     Gourm    .     b - +0 scale mail
rNeg   . . .     Faith    .     (shield currently unavailable)
rPois  .         Spirit   .     (helmet restricted)
rElec  .         Dismiss  .     (no cloak)
rCorr  .         Reflect  .     (no gloves)
SustAt .         Harm     .     (no boots)
MR     ++...     NoTele   +     (no amulet)
Stlth  +++++++...               n - ring of see invisible
                                m - +100 ring of slaying

@: lethally poisoned (-5 -> -6), very resistant to hostile enchantments,
extremely stealthy
A: retaliatory headbutt, horns 2
a: Minor Destruction, Lesser Servant of Makhleb, Major Destruction, Greater
Servant of Makhleb, Renounce Religion


You were in the Dungeon.
You worshipped Makhleb.
Makhleb was exalted by your worship.
You were not hungry.

You visited 1 branch

Inventory:

Hand Weapons
 a - a +0 war axe
 l - the +∞ Axe of Woe (weapon)
   (You found it in the Dungeon)
Armour
 b - a +0 scale mail (worn)
 c - a +0 shield
Jewellery
 m - a +100 ring of slaying (left hand)
 n - a ring of see invisible (right hand)
Scrolls
 k - a scroll of blinking
Potions
 d - a potion of might
 g - a potion of heal wounds
 h - a potion of haste
 i - 2 potions of magic
 j - a potion of berserk rage
Comestibles
 f - a bread ration


   Skills:
 O Level 27 Fighting
 O Level 27 Axes
 O Level 27 Throwing
 O Level 27 Armour
 O Level 27 Dodging
 O Level 27 Stealth
 O Level 27 Shields
 O Level 27 Unarmed Combat
 O Level 27 Spellcasting
 O Level 27 Invocations


You had 80 spell levels left.
You didn't know any spells.

Dungeon Overview and Level Annotations

Branches:
Dungeon (1/1)

Altars:
Makhleb


Innate Abilities, Weirdness & Mutations

You reflexively headbutt those who attack you in melee.
You have a pair of horns on your head.


Message History

Makhleb accepts your kill.
You feel better.
You feel sick.
You hear a shout!
The eight-headed meat hydra calls on the powers of darkness!
The eight-headed meat hydra convulses!
The scourge convulses!
The bag of meat convulses!
The scourge convulses!
Your body is wracked with pain!
* * * LOW HITPOINT WARNING * * *
You hear a shout!
The tyrant waves its bony arms in wide circles.
The air twists around and strikes you!
* * * LOW HITPOINT WARNING * * *
A hell knight and a wraith come into view.
You hear a shout! x5
The scourge throws poison arrow at you. The poison arrow misses you.
You hear a shout! x3
The accursed casts a spell at you. Something smites you!
You die...

#################
#......)........## #
.......@§§....W....#
.....##M##S#####....
......oM..).p.......
##.....##.##).......
...WGS)))).D.......
......S)#.#.......#
......)...%.....###
.......).)........
..L.....).)).......


You could see 2 accurseds, an observer (invisible), 2 scourges, a wretched soul
(invisible), a dread (wandering) and a bag of meat.

Vanquished Creatures
  4 hell beasts (D)
  5 greater mummies (D)
  3 great orbs of eyes (D)
  3 wraiths (D)
  16 vampire knights (D)
  33 ogres (D)
  4 liches (D)
  A hydra (D)
  89 orcs (D)
  A phantom (D)
  7 hill giants (D)
  6 skeletal warriors (D)
  3 sea snakes (D)
  4 large abominations (D)
  14 small abominations (D)
  7 crawling corpses (D)
200 creatures vanquished.

Vanquished Creatures (others)
  A small abomination (D)
  13 crawling corpses (D)
14 creatures vanquished.

Grand Total: 214 creatures vanquished

Notes
Turn   | Place    | Note
--------------------------------------------------------------
     0 | D        | saintsgambit the Minotaur Fighter began the quest for the Orb.
     0 | D        | Reached XP level 1. HP: 19/19 MP: 0/0
     2 | D        | Noticed a bag of meat
     2 | D        | Noticed a bag of meat
     4 | D        | Noticed a bag of meat
     4 | D        | Noticed a bag of meat
     4 | D        | Noticed a bag of meat
     5 | D        | Noticed a meat berserker
     6 | D        | Noticed a bag of meat
     7 | D        | Noticed a meat berserker
     7 | D        | Killed a meat berserker
     7 | D        | Reached XP level 2. HP: 59/59 MP: 1/1
     7 | D        | Reached XP level 3. HP: 66/66 MP: 2/2
     7 | D        | Reached XP level 4. HP: 74/74 MP: 3/3
     7 | D        | Reached XP level 5. HP: 81/81 MP: 4/4
     7 | D        | Reached XP level 6. HP: 90/90 MP: 5/5
     7 | D        | Reached XP level 7. HP: 96/96 MP: 6/6
     7 | D        | Reached XP level 8. HP: 105/105 MP: 7/7
     7 | D        | Reached XP level 9. HP: 112/112 MP: 8/8
     7 | D        | Reached XP level 10. HP: 121/121 MP: 9/9
     7 | D        | Reached XP level 11. HP: 127/127 MP: 10/10
     7 | D        | Reached XP level 12. HP: 136/136 MP: 11/11
     7 | D        | Reached XP level 13. HP: 143/143 MP: 12/12
     8 | D        | Noticed a bag of meat
     8 | D        | Killed a bag of meat
     8 | D        | Killed a bag of meat
     8 | D        | Reached XP level 14. HP: 160/160 MP: 13/13
     9 | D        | Noticed a bag of meat
     9 | D        | Noticed a bag of meat
     9 | D        | Killed a meat berserker
     9 | D        | Reached XP level 15. HP: 121/173 MP: 14/14
     9 | D        | Reached skill level 27 in Fighting
     9 | D        | Reached skill level 27 in Armour
     9 | D        | Reached skill level 27 in Shields
    10 | D        | Reached skill level 27 in Axes
    10 | D        | Reached XP level 16. HP: 128/183 MP: 15/15
    14 | D        | Reached skill level 10 in Dodging
    14 | D        | Reached skill level 10 in Unarmed Combat
    16 | D        | Became a worshipper of Makhleb the Destroyer
    17 | D        | Reached skill level 10 in Stealth
    17 | D        | Reached skill level 5 in Invocations
    17 | D        | Reached XP level 17. HP: 131/191 MP: 15/27
    17 | D        | Reached * piety under Makhleb
    19 | D        | Reached skill level 10 in Spellcasting
    19 | D        | Reached skill level 10 in Invocations
    20 | D        | Noticed a meat berserker
    20 | D        | Noticed a meat berserker
    20 | D        | Killed a meat berserker
    20 | D        | Reached ** piety under Makhleb
    20 | D        | Reached skill level 15 in Throwing
    20 | D        | Reached XP level 18. HP: 112/200 MP: 16/32
    21 | D        | Noticed a meat berserker
    21 | D        | Noticed a large bag of meat
    21 | D        | Noticed a meat berserker
    22 | D        | Noticed a meat berserker
    22 | D        | Reached skill level 15 in Stealth
    23 | D        | Killed a meat berserker
    23 | D        | Reached *** piety under Makhleb
    24 | D        | Reached XP level 19. HP: 173/207 MP: 17/35
    25 | D        | Noticed a meat berserker
    25 | D        | Noticed a destroyer
    26 | D        | Noticed a meat berserker
    26 | D        | Killed a meat berserker
    27 | D        | Killed a meat berserker
    27 | D        | Reached **** piety under Makhleb
    27 | D        | Reached skill level 15 in Spellcasting
    28 | D        | Noticed a large bag of meat
    29 | D        | Noticed a meat berserker
    29 | D        | Killed a destroyer
    29 | D        | Reached XP level 20. HP: 216/216 MP: 17/40
    29 | D        | Killed a meat berserker
    29 | D        | Reached ***** piety under Makhleb
    30 | D        | Noticed a meat berserker
    30 | D        | Noticed a meat berserker
    30 | D        | Noticed a meat berserker
    31 | D        | Noticed a meat berserker
    31 | D        | Noticed a destroyer
    31 | D        | Killed a meat berserker
    31 | D        | Reached skill level 27 in Dodging
    31 | D        | Reached skill level 27 in Unarmed Combat
    31 | D        | Reached XP level 21. HP: 224/224 MP: 18/42
    32 | D        | Reached skill level 27 in Throwing
    33 | D        | Reached skill level 27 in Invocations
    35 | D        | Reached ****** piety under Makhleb
    35 | D        | Reached skill level 27 in Stealth
    35 | D        | Reached XP level 22. HP: 233/233 MP: 19/46
    35 | D        | Reached skill level 27 in Spellcasting
    36 | D        | Reached XP level 23. HP: 240/240 MP: 19/53
    38 | D        | Killed a destroyer
    38 | D        | Reached XP level 24. HP: 249/249 MP: 20/53
    40 | D        | Noticed a destroyer
    41 | D        | Noticed a destroyer
    41 | D        | Noticed a destroyer
    42 | D        | Noticed a destroyer
    42 | D        | Reached XP level 25. HP: 212/257 MP: 21/53
    43 | D        | Reached XP level 26. HP: 266/266 MP: 21/53
    44 | D        | Noticed a destroyer
    45 | D        | Noticed an accursed
    45 | D        | Killed a destroyer
    46 | D        | Reached XP level 27. HP: 262/273 MP: 22/53
    46 | D        | Killed a destroyer
    47 | D        | Noticed a destroyer
    47 | D        | Noticed a destroyer
    47 | D        | Noticed a tyrant
    50 | D        | Killed a destroyer
    51 | D        | Noticed a destroyer
    52 | D        | Noticed a destroyer
    54 | D        | Killed an accursed
    54 | D        | Killed a destroyer
    55 | D        | Noticed a tyrant
    55 | D        | Noticed an accursed
    55 | D        | Killed a tyrant
    56 | D        | Killed a destroyer
    57 | D        | HP: 9/270 [accursed/divine providence (9)]
    57 | D        | Noticed a tyrant
    58 | D        | Killed a destroyer
    58 | D        | Killed a destroyer
    59 | D        | Noticed a destroyer
    59 | D        | Noticed a meat beast
    61 | D        | Killed a destroyer
    61 | D        | Killed a destroyer
    62 | D        | Noticed an accursed
    62 | D        | Killed a destroyer
    63 | D        | Noticed a destroyer
    63 | D        | Killed a tyrant
    63 | D        | Killed a meat beast
    67 | D        | Killed a destroyer
    69 | D        | Killed an accursed
    70 | D        | Noticed a dread
    70 | D        | Noticed a meat beast
    71 | D        | Killed an accursed
    72 | D        | Noticed a meat beast
    74 | D        | Noticed a dread
    74 | D        | Killed a meat beast
    75 | D        | Killed a tyrant
    76 | D        | Noticed a destroyer
    79 | D        | Killed a meat beast
    81 | D        | Noticed a dread
    83 | D        | Noticed a destroyer
    84 | D        | Killed a destroyer
    86 | D        | Killed a dread
    88 | D        | Killed a dread
    90 | D        | Killed a destroyer
    91 | D        | Killed a dread
    92 | D        | Noticed a meat beast
    92 | D        | Noticed an accursed
    94 | D        | Noticed an accursed
    95 | D        | Killed a meat beast
    98 | D        | Noticed a tyrant
    98 | D        | Noticed a tyrant
   101 | D        | Killed a tyrant
   102 | D        | Killed an accursed
   106 | D        | Noticed an accursed
   106 | D        | Killed an accursed
   112 | D        | Noticed an accursed
   113 | D        | Noticed a destroyer
   115 | D        | HP: 2/273 [tyrant/the air (34)]
   117 | D        | Killed a destroyer
   120 | D        | Noticed a dread
   120 | D        | Noticed a fleshlord
   120 | D        | Killed from afar by an accursed

Skill      XL: |  1  2  3  4  5  6  7  8  9 10 11 12 13 14 15 16 17 18 19 20 21 22 |
---------------+-------------------------------------------------------------------+-----
Fighting       | 21 24 26 27 | 27.0
Axes           | 12 14 16 27 | 27.0
Armour         | 21 24 26 27 | 27.0
Shields        | 21 23 25 27 | 27.0
Throwing       | 11 15 19 23 25 27 | 27.0
Dodging        | 12 17 20 25 27 | 27.0
Stealth        | 10 14 17 21 23 27 | 27.0
Unarmed Combat | 12 17 20 25 27 | 27.0
Spellcasting   | 7 11 13 17 18 21 27 | 27.0
Invocations    | 5 13 16 21 23 27 | 27.0

Action                   |  1- 3 |  4- 6 |  7- 9 | 10-12 | 13-15 | 16-18 | 19-21 | 22-24 | 25-27 || total
-------------------------+-------+-------+-------+-------+-------+-------+-------+-------+-------++-------
Melee: Executioner's axe |     1 |       |       |       |     3 |     8 |     8 |     6 |    51 ||    77
  Use: Potion            |       |       |       |       |       |       |       |       |     1 ||     1
Armor: Scale mail        |       |       |       |       |       |       |       |       |     2 ||     2
Dodge: Dodged            |     1 |       |       |       |       |     1 |       |       |    15 ||    17
